 Dungeon Crawl Stone Soup version 0.15-a0-33-ga435e27 (webtiles) character file.

125 zhaba the Charmwright (level 4, -11/33 HPs)
             Began as a Merfolk Skald on Apr 1, 2014.
             Killed by divine providence
             ... invoked by an orc priest
              (13 damage)
             ... while paralysed by a potion of paralysis
             ... on Level 4 of the Dungeon.
             The game lasted 00:03:12 (1416 turns).

zhaba the Charmwright (Merfolk Skald)               Turns: 1416, Time: 00:03:12

HP -11/33        AC  4     Str 12      XL: 4   Next: 14%
MP   4/7         EV  2     Int 12      God:
Gold 60          SH  0     Dex 13      Spells:  1 memorised,  6 levels left

rFire  + . .     SeeInvis .     a - +0 spear
rCold  . . .     Clarity  .     b - +0 leather armour
rNeg   . . .     Conserve .     (no shield)
rPois  .         rCorr    .     (no helmet)
rElec  .         rRot     .     o - +0 cloak
SustAb . .       Spirit   .     (no gloves)
rMut   .         Warding  .     (no boots)
Saprov . . .     Stasis   .     (no amulet)
MR     .....                    (no ring)
                                p - ring of protection from fire {unknown}

@: paralysed, not resistant to hostile enchantments, very unstealthy
A: change form in water, swift swim
a: no special abilities


You were on level 4 of the Dungeon.
You were not hungry.

You visited 1 branch of the dungeon, and saw 3 of its levels.

You collected 60 gold pieces.

Inventory:

Hand weapons
 a - a +0,+0 spear (weapon)
Armour
 b - a +0 leather armour (worn)
 o - a +0 cloak (worn)
Comestibles
 d - 2 bread rations
 h - a rotting chunk of rat flesh
 k - a chunk of giant newt flesh
 m - a meat ration
Scrolls
 j - a scroll of teleportation
 l - a scroll of noise
Jewellery
 p - a ring of protection from fire (left hand) {unknown}
Potions
 i - a potion of haste {unknown}
 n - a potion of curing
 r - 4 potions of heal wounds {unknown}
Books
 c - a book of Battle

   Spells                             Type                      Level
   *Infusion                          Charms                       1
   Shroud of Golubria                 Charms/Translocation         2
   Song of Slaying                    Charms                       2
   Spectral Weapon                    Hexes/Charms                 3
   Regeneration                       Charms/Necromancy            3


   Skills:
 - Level 2.1 Fighting
 + Level 4.0 Polearms
 - Level 0.6 Armour
 + Level 3.4 Dodging
 - Level 2.0 Spellcasting
 + Level 4.1 Charms


You had 6 spell levels left.
You knew the following spells:

 Your Spells              Type           Power        Failure   Level  Hunger
a - Infusion              Chrm           ##....       6%          1    ##.....


Dungeon Overview and Level Annotations

Branches:
Dungeon (4/15)
 Temple: D:4-7

Altars:


Message History

Confirm with . or Enter, or press ? or * to list all spells.
Okay, then.
You hit the orc.
The orc is heavily wounded.
The orc wizard mumbles some strange words.
You feel a wave of unholy energy pass over you.
The orc hits you with a flail!
* * * LOW HITPOINT WARNING * * *
You are too injured to fight recklessly!
Unknown command.
Drink which item? (? for menu, Esc to quit)
It has a very clean taste.
It was a potion of cure mutation.
Drink which item? (? for menu, Esc to quit)
You suddenly lose the ability to move!
It was a potion of paralysis.
The orc wizard hits you with a dagger.
* * * LOW HITPOINT WARNING * * *
The orc wizard hits you but does no damage.
The orc priest calls down the wrath of Beogh upon you.
Something smites you!
You die...

... ... ... #o# #
#########.# .#
#........o# ..#
#.........# ...#
#.......oo###....##.
#........oo@........
#........o####......
###...).....#### ...
#..............# .
#..............#
#.....####.....#
#.....# #######
#.....# #.....#


You could see an orc priest, an orc wizard and 3 orcs.

Vanquished Creatures
  3 adders
  A giant eyeball (D:4)
  A giant gecko (D:2)
  A ball python (D:2)
  4 bats
  2 giant cockroaches (D:1)
  5 goblins (D:1)
  3 hobgoblins
  5 kobolds
  2 giant newts (D:2)
  3 jackals (D:2)
  6 rats
36 creatures vanquished.

Notes
Turn   | Place    | Note
--------------------------------------------------------------
     0 | D:1      | zhaba, the Merfolk Skald, began the quest for the Orb.
     0 | D:1      | Reached XP level 1. HP: 16/16 MP: 3/3
    58 | D:1      | Reached XP level 2. HP: 9/22 MP: 4/4
   995 | D:2      | Reached XP level 3. HP: 15/27 MP: 0/6
  1123 | D:2      | Reached skill level 4 in Charms
  1257 | D:2      | Reached XP level 4. HP: 33/33 MP: 7/7
  1368 | D:2      | You fall through a shaft for 2 floors!
  1375 | D:4      | Paralysed by a giant eyeball for 3 turns
  1415 | D:4      | Paralysed by a potion of paralysis for 5 turns
  1416 | D:4      | Killed from afar by an orc priest

Action                   |  1- 3 |  4- 6 || total
-------------------------+-------+-------++-------
Melee: Spear             |   141 |    31 ||   172
 Cast: Infusion          |     7 |     2 ||     9
  Use: Scroll            |     7 |       ||     7
       Potion            |     2 |     2 ||     4
